 Dungeon Crawl Stone Soup version 0.30.0-29-ga12c61a403 (webtiles) character file.

Game seed: 3677595097592761649

43094 BiteMe the Arsonist (level 13, 0/99 HPs)
             Began as a Demonspawn Fire Elementalist on June 10, 2023.
             Was an Elder of Vehumet.
             Slain by a demonic crawler (8 damage)
             ... on level 1 of the Spider Nest on June 18, 2023.
             The game lasted 04:35:51 (24955 turns).

BiteMe the Arsonist (Demonspawn Fire Elementalist) Turns: 24955, Time: 04:35:51

Health: 0/99       AC: 15    Str: 13    XL:     13   Next: 89%
Magic:  18/34      EV: 25    Int: 26    God:    Vehumet [****..]
Gold:   1117       SH:  0    Dex: 18    Spells: 5/29 levels left

rFire   + . .        d - +11 spear of the Candelabrum {flame, rF+ Str+3 Int+5}
rCold   + . .        (no shield)
rNeg    . . .        i - +0 steam dragon scales
rPois   +            G - +2 hat {Int+3}
rElec   .            A - +2 cloak
rCorr   .            l - +0 pair of gloves
SInv    .            o - +1 pair of boots "Akliria" {rC+ Str+2}
Will    +....        q - amulet of magic regeneration
Stlth   ++           e - ring "Guhellug" {rPois Will+}
HPRegen 0.36/turn    E - ring of magical power
MPRegen 0.64/turn

%: no passive effects
@: agile, studying Fighting
A: horns 1, repulsion field 1, demonic guardian 3, powered by pain 1
a: Renounce Religion


You were on level 1 of the Spider Nest.
You worshipped Vehumet.
Vehumet was greatly pleased with you.
You visited 4 branches of the dungeon, and saw 17 of its levels.
You also visited: Gauntlet.

You collected 1117 gold pieces.

Inventory:

Hand Weapons
 d - the +11 spear of the Candelabrum (weapon) {flame, rF+ Str+3 Int+5}
   (You found it on level 2 of the Dungeon)

   Str:       It affects your strength (+3).
   Int:       It affects your intelligence (+5).
   rF:        It protects you from fire.
 z - a +2 halberd of protection
 J - the +8 executioner's axe "Cuin" {flame, rElec rCorr}
   (You took it off a minotaur in a Gauntlet)

   rElec:     It insulates you from electricity.
   rCorr:     It protects you from acid and corrosion.
 L - a +3 halberd
Armour
 i - +0 steam dragon scales (worn)
 l - a +0 pair of gloves (worn)
 o - the +1 pair of boots "Akliria" (worn) {rC+ Str+2}
   (You found it in a Gauntlet)

   Str:       It affects your strength (+2).
   rC:        It protects you from cold.
 p - a +0 buckler
 A - a +2 cloak (worn)
 G - a +2 hat of intelligence (worn)
 H - a +0 robe of resistance
Magical Staves
 M - a staff of fire
Jewellery
 e - the ring "Guhellug" (left hand) {rPois Will+}
   (You found it on level 2 of the Dungeon)

   [ring of poison resistance]

   rPois:     It protects you from poison.
   Will:      It increases your willpower.
 k - the ring "Tetreomy" {rC+ Int+3 Dex-2 SInv Stlth+}
   (You found it in a Gauntlet)

   [ring of see invisible]

   Int:       It affects your intelligence (+3).
   Dex:       It affects your dexterity (-2).
   rC:        It protects you from cold.
   SInv:      It lets you see invisible.
   Stlth:     It makes you more stealthy.
 q - an amulet of magic regeneration (around neck)
 t - the ring of Helulej {Drain rC++ MP+9 Str+9 Stlth-}
   (You took it off a minotaur in a Gauntlet)

   [ring of magical power]

   Str:       It affects your strength (+9).
   rC:        It greatly protects you from cold.
   MP:        It affects your magic capacity (+9).
   Drain:     It drains your maximum health when unequipped.
   Stlth:     It makes you less stealthy.
 D - a ring of protection from fire
 E - a ring of magical power (right hand)
 F - a +6 ring of dexterity
 O - a +6 ring of dexterity
 W - a ring of positive energy
Wands
 y - a wand of iceblast (13)
 C - a wand of paralysis (12)
 K - a wand of flame (21)
 T - a wand of acid (2)
 X - a wand of polymorph (2)
Scrolls
 b - 4 scrolls of poison
 r - 4 scrolls of magic mapping
 u - 9 scrolls of teleportation
 w - a scroll of blinking
 x - 4 scrolls of enchant weapon
 I - a scroll of fear
 N - 2 scrolls of immolation
 V - a scroll of amnesia
 Z - 2 scrolls of brand weapon
Potions
 a - a potion of resistance {unknown}
 c - a potion of attraction {unknown}
 g - a potion of invisibility
 h - 2 potions of curing
 j - 5 potions of flight
 m - 2 potions of cancellation
 s - 3 potions of mutation
 v - a potion of haste
 P - 3 potions of lignification {unknown}
 Y - a potion of brilliance {unknown}
Miscellaneous
 f - a box of beasts
 n - a tin of tremorstones (2/2)
 B - a phial of floods
 Q - a piece from Xom's chessboard (15/15)


   Skills:
 * Level 8.5 Fighting
 - Level 5.0 Polearms
 * Level 6.5 Armour
 * Level 9.8 Dodging
 - Level 1.7 Stealth
 + Level 8.5 Spellcasting
 * Level 9.9 Conjurations
 + Level 1.6 Hexes
 - Level 3.0 Translocations
 - Level 12.0 Fire Magic


You had 5 spell levels left.
You knew the following spells:

 Your Spells              Type           Power      Damage    Failure   Level
a - Foxfire               Conj/Fire      100%       2x1d9     1%          1
b - Scorch                Fire           100%       2d9       1%          2
c - Inner Flame           Hex/Fire       46%        N/A       1%          3
d - Volatile Blastmotes   Fire/Tloc      100%       2d18      1%          3
e - Flame Wave            Conj/Fire      62%        2d14      1%          4
f - Dazzling Flash        Conj/Hex       82%        N/A       1%          3
g - Gell's Gravitas       Tloc           26%        N/A       4%          3
h - Fireball              Conj/Fire      31%        3d13      1%          5

Your spell library contained the following spells:

 Spells                   Type           Power      Damage    Failure   Level
 Iskenderun's Mystic Bla  Conj/Tloc      44%        2d10      1%          4
 Hailstorm                Conj/Ice       37%        3d9       1%          3
 Teleport Other           Tloc           26%        N/A       4%          3
 Arcjolt                  Conj/Air       18%        1d28      5%          5
 Manifold Assault         Tloc           26%        N/A       16%         4
 Cause Fear               Hex            9%         N/A       26%         4
 Leda's Liquefaction      Hex/Erth       7%         N/A       36%         4
 Lee's Rapid Deconstruct  Erth           5%         3d6*      36%         5
 Animate Dead             Necr           11%        N/A       47%         4
 Ice Form                 Ice/Tmut       11%        N/A       47%         4
 Silence                  Hex/Air        7%         N/A       71%         5
 Agony                    Necr           11%        N/A       83%         5
 Borgnjor's Vile Clutch   Necr/Erth      5%         N/A       83%         5
 Conjure Ball Lightning   Conj/Air       18%        3x3d6     26%         6
 Dispersal                Tloc           13%        N/A       94%         6
 Death Channel            Necr           5%         N/A       100%        6
 Simulacrum               Ice/Necr       5%         N/A       100%        6
 Statue Form              Tmut/Erth      7%         N/A       100%        6
 Dragon Form              Tmut           5%         N/A       100%        7
 Borgnjor's Revivificati  Necr           5%         N/A       100%        8
 Disjunction              Tloc           13%        N/A       100%        8
 Necromutation            Tmut/Necr      5%         N/A       100%        8
 Chain Lightning          Conj/Air       18%        3d24      100%        9
 Death's Door             Necr           5%         N/A       100%        9
 Dragon's Call            Summ           5%         N/A       100%        9


Dungeon Overview and Level Annotations

Branches:
Dungeon (13/15)            Temple (1/1) D:4            Lair (2/5) D:10
 Shoals (0/4) Lair:2       Spider (1/4) Lair:2          Orc (0/2) D:10
Gauntlet (visited)
 Vaults: D:13-14

Altars:
Ashenzari
Cheibriados
Dithmenos
Fedhas
Gozag
Hepliaklqana
Kikubaaqudgha
Makhleb
Nemelex Xobeh
Okawaru
Qazlal
Ru
Sif Muna
Trog
Uskayaw
Vehumet
Wu Jian
Xom
Yredelemnul

Shops:
D:5 [   D:10 [(


Innate Abilities, Weirdness & Mutations

You have a pair of small horns on your head.
You are surrounded by a mild repulsion field. (EV +2)
A powerful demonic guardian rushes to your aid.
You sometimes gain a little power by taking damage.


Message History

The demonic crawler hits you. The demonic crawler closely misses you.
The demonic crawler hits you.
The demonic crawler completely misses you.
The demonic crawler hits you. The demonic crawler barely misses you.
Casting: Scorch (safe; 1% risk of failure)
Confirm with . or Enter, or press ? or * to list all spells.
Flames lash the demonic crawler.
The demonic crawler is burned terribly!
The demonic crawler is severely wounded.
The demonic crawler hits you!
* * * LOW HITPOINT WARNING * * *
The demonic crawler hits you!
* * * LOW HITPOINT WARNING * * *
The demonic crawler completely misses you.
Casting: Scorch (safe; 1% risk of failure)
Confirm with . or Enter, or press ? or * to list all spells.
A cloud of volatile blastmotes flares up around you!
The demonic crawler hits you but does no damage.
The demonic crawler hits you!
* * * LOW HITPOINT WARNING * * *
The demonic crawler completely misses you.
You feel better. The demonic crawler misses you. x2
The demonic crawler hits you!
* * * LOW HITPOINT WARNING * * *
You focus on the pain.
You feel more agile all of a sudden. The demonic crawler misses you. x3
You feel better.
The demonic crawler completely misses you. x2
The demonic crawler hits you but does no damage.
The cloud of blastmotes explodes!
The concussive blast engulfs the demonic crawler.
The demonic crawler is burned terribly!
The demonic crawler is moderately wounded.
The concussive blast engulfs you. You resist.
* * * LOW HITPOINT WARNING * * *
A demonic guardian appears!
You are knocked back by the blast.
Some rock shatters into small pieces.
The demonic crawler attacks as you move away!
The demonic crawler closely misses you. The demonic crawler hits you!
You die...

##.. ## ##
.... ..###.#
.#. .#.#...
##...# ......#
.. ..#....#..
.. .......# #.
#..#..# .
#..#@#..##.. .
#...s.##....
#..#.2.<...#
......#†..#..#
.##..#..###
#.. ^..^##...#
. .!.. .....#
.##. ....#...
#..#....!#


You could see a demonic crawler (combustible, ally target) and a friendly
cacodemon (summoned).

Vanquished Creatures
  A minotaur (Gauntlet)
  Snorg (D:10)
  A hydra (D:13)
  Erolcha (D:9)
  A catoblepas (Lair:1)
  3 two-headed ogres
  2 death yaks
  A boulder beetle (D:13)
  A tengu warrior (D:13)
  Sonja (D:12)
  A wretched star (Gauntlet)
  A wolf spider (Spider:1)
  4 manticores
  A deep elf pyromancer (D:13)
  2 cyclopes
  A black mamba (Lair:2)
  5 cane toads
  The ghost of psilontech the Chopper, a novice MiBe of Trog (D:5)
  An unseen horror (D:12)
  3 centaur skeletons (D:12)
  A torpor snail (Lair:2)
  Psyche (D:11)
  Maggie (Lair:1)
  2 gargoyles
  6 komodo dragons
  A tengu conjurer (D:13)
  4 trolls
  2 polar bears (D:13)
  Prince Ribbit (D:6)
  2 hornets
  5 dream sheep
  A centaur simulacrum (D:12)
  3 slime creatures (D:13)
  Sigmund (D:6)
  2 large abominations (Gauntlet)
  2 vampires
  19 yaks
  5 wyverns
  2 wraiths
  Grum (D:9)
  A shadow (D:12)
  2 hogs (D:13)
  3 basilisks
  The ghost of benadryl the Trooper, an amateur DjIE (D:3)
  A neqoxec (Gauntlet)
  2 steam dragons
  11 vampire mosquitoes
  An acid dragon (D:11)
  5 water moccasins
  6 orc warriors
  An ice beast (D:5)
  2 black bears (D:13)
  2 sky beasts
  An ogre (D:5)
  2 centaurs
  3 wolves
  2 phantoms
  2 small abominations (Gauntlet)
  3 kobold brigands
  11 bullfrogs
  7 scorpions
  16 wights
  7 killer bees
  5 howler monkeys
  3 quasits (D:5)
  3 jellies
  A hound (D:13)
  3 orc priests
  2 sleepcaps
  3 iguanas
  Natasha (twice) (D:4)
  4 orc wizards
  7 hell rats
  A boggart skeleton (D:12)
  8 gnolls
  9 adders
  A white imp (D:7)
  An ufetubus (D:7)
  A worm (Lair:2)
  2 dart slugs (D:4)
  16 orcs
  6 bats
  5 endoplasms
  10 giant cockroaches
  7 goblins
  17 hobgoblins
  3 quokkas
  3 ball pythons (D:3)
  3 frilled lizards
  15 kobolds
  3 rats
  A butterfly (D:4)
332 creatures vanquished.

Vanquished Creatures (collateral kills)
  Gastronok (Lair:1)
  A boulder beetle (D:8)
  4 death yaks
  A wolf spider (Lair:1)
  A cyclops (D:13)
  A gargoyle (D:13)
  A cane toad (Lair:1)
  A komodo dragon (Lair:2)
  A polar bear (D:13)
  A dream sheep (Lair:2)
  2 wyverns
  3 hogs (D:13)
  4 yaks
  A basilisk (Lair:1)
  A vampire mosquito (D:13)
  A large abomination (Gauntlet)
  An acid dragon (D:9)
  3 black bears (D:13)
  A wolf (D:9)
  3 bullfrogs
  A small abomination (Gauntlet)
  4 killer bees
  A howler monkey (D:9)
  An orc wizard (D:7)
  Natasha (D:4)
  2 adders (Lair:1)
  An ufetubus (D:4)
  An orc (D:7)
  5 foxfires (Lair:1)
50 creatures vanquished.

Vanquished Creatures (others)
  689 foxfires
689 creatures vanquished.

Grand Total: 1071 creatures vanquished

Notes
Turn   | Place    | Note
-------+----------+-------------------------------------------
     0 | D:1      | BiteMe the Demonspawn Fire Elementalist began the quest for
                  | the Orb.
     0 | D:1      | Reached XP level 1. HP: 13/13 MP: 3/3
   149 | D:2      | Gained mutation: A weak demonic guardian rushes to your
                  | aid. [demonic ancestry]
   149 | D:2      | Reached XP level 2. HP: 19/19 MP: 0/5
   149 | D:2      | Identified the +11 spear of the Candelabrum {flame, rF+
                  | Str+3 Int+5}
   302 | D:2      | Identified the ring "Guhellug" {rPois Will+}
   389 | D:1      | Reached skill level 3 in Fire Magic
  1424 | D:1      | Reached XP level 3. HP: 24/24 MP: 3/6
  1722 | D:2      | Learned a level 2 spell: Scorch
  1982 | D:2      | Gained mutation: You sometimes gain a little power by
                  | taking damage. [demonic ancestry]
  1982 | D:2      | Reached XP level 4. HP: 30/30 MP: 3/7
  2941 | D:3      | Found a runed translucent gate.
  2942 | D:3      | Found a runed translucent gate.
  2943 | D:3      | Found a runed translucent gate.
  2961 | D:3      | Noticed benadryl's ghost (amateur DjIE)
  3213 | D:3      | Found a shadowy altar of Dithmenos.
  3647 | D:4      | Reached skill level 1 in Polearms
  3647 | D:4      | Gained mutation: You are surrounded by a mild repulsion
                  | field. (EV +2) [demonic ancestry]
  3647 | D:4      | Reached XP level 5. HP: 36/36 MP: 4/9
  3743 | D:4      | Found a staircase to the Ecumenical Temple.
  3754 | Temple   | Entered the Ecumenical Temple
  3813 | Temple   | Became a worshipper of Vehumet
  4212 | D:4      | Noticed Natasha
  4226 | D:4      | Killed Natasha
  4227 | D:4      | Reached skill level 1 in Fighting
  4320 | D:4      | Noticed a phantom
  4324 | D:4      | Killed a phantom
  4325 | D:4      | Reached skill level 4 in Fire Magic
  4325 | D:4      | Reached XP level 6. HP: 43/43 MP: 7/11
  4698 | D:4      | Noticed Natasha
  4702 | D:4      | Killed Natasha
  4755 | D:5      | Entered Level 5 of the Dungeon
  4877 | D:5      | Noticed an ice beast
  4885 | D:5      | Killed an ice beast
  4886 | D:5      | Gained mutation: A demonic guardian rushes to your aid.
                  | [demonic ancestry]
  4886 | D:5      | Reached XP level 7. HP: 48/48 MP: 6/12
  5524 | D:5      | Found Qozu Jalysi's Armour Boutique.
  5578 | D:5      | Found a transporter.
  5586 | D:5      | Found a transporter.
  5590 | D:5      | Noticed psilontech's ghost (novice MiBe)
  5598 | D:5      | Noticed a yak
  5603 | D:5      | Noticed a yak
  5606 | D:5      | Noticed a yak
  5607 | D:5      | Killed a yak
  5622 | D:5      | Killed a yak
  5623 | D:5      | Reached skill level 5 in Fire Magic
  5630 | D:5      | Reached XP level 8. HP: 17/54 MP: 1/15
  5650 | D:5      | Reached skill level 5 in Spellcasting
  5759 | D:5      | Learned a level 3 spell: Inner Flame
  5763 | D:5      | Learned a level 3 spell: Volatile Blastmotes
  5926 | D:4      | Noticed Natasha
  5935 | D:4      | Killed Natasha
  6662 | D:6      | Noticed Prince Ribbit
  6668 | D:6      | Killed Prince Ribbit
  6680 | D:6      | Noticed Sigmund
  6925 | D:6      | Reached skill level 6 in Fire Magic
  7511 | D:6      | Gained mutation: A powerful demonic guardian rushes to your
                  | aid. [demonic ancestry]
  7511 | D:6      | Reached XP level 9. HP: 58/60 MP: 15/18
  7524 | D:6      | Killed Sigmund
  8574 | D:3      | Learned a level 4 spell: Flame Wave
  8691 | D:3      | Killed benadryl's ghost
  9120 | D:7      | Reached * piety under Vehumet
  9120 | D:7      | Offered knowledge of Sandblast by Vehumet.
  9229 | D:7      | Reached skill level 7 in Fire Magic
  9432 | D:7      | Reached skill level 5 in Polearms
 10505 | D:8      | Reached skill level 8 in Fire Magic
 10973 | D:8      | Got the Omnibus of Power
 11069 | D:8      | Gained mutation: You have a pair of small horns on your
                  | head. [demonic ancestry]
 11069 | D:8      | Reached XP level 10. HP: 61/71 MP: 9/20
 11322 | D:8      | Noticed a boulder beetle
 11403 | D:8      | Killed a boulder beetle
 11404 | D:8      | Reached skill level 1 in Translocations
 11404 | D:8      | Reached skill level 9 in Fire Magic
 11931 | D:8      | Reached ** piety under Vehumet
 12140 | D:8      | Offered knowledge of Searing Ray by Vehumet.
 12382 | D:5      | Killed psilontech's ghost
 12383 | D:5      | Reached skill level 5 in Fighting
 12682 | D:9      | Noticed a two-headed ogre
 12694 | D:9      | Reached skill level 1 in Hexes
 12694 | D:9      | Killed a two-headed ogre
 12695 | D:9      | Reached skill level 10 in Fire Magic
 13152 | D:9      | Noticed a two-headed ogre
 13158 | D:9      | Killed a two-headed ogre
 13168 | D:9      | Reached XP level 11. HP: 79/81 MP: 20/21
 13176 | D:9      | Noticed Erolcha
 13178 | D:9      | Noticed Grum
 13179 | D:9      | Reached skill level 11 in Fire Magic
 13191 | D:9      | Killed Grum
 13231 | D:9      | Killed Erolcha
 13231 | D:9      | Offered knowledge of Frozen Ramparts by Vehumet.
 13620 | D:9      | Found an ornate altar of the Wu Jian Council.
 13621 | D:9      | Found a burning altar of Makhleb.
 13621 | D:9      | Found a shimmering blue altar of Sif Muna.
 13740 | D:9      | Found a stormy altar of Qazlal.
 13740 | D:9      | Found an opulent altar of Gozag.
 13922 | D:10     | Entered Level 10 of the Dungeon
 13977 | D:10     | Noticed a death yak
 13978 | D:10     | Noticed a death yak
 13999 | D:10     | Found an ancient bone altar of Kikubaaqudgha.
 14014 | D:10     | Killed a death yak
 14050 | D:10     | Reached *** piety under Vehumet
 14089 | D:10     | Found a staircase to the Lair.
 14473 | D:10     | Noticed a death yak
 14618 | D:10     | Noticed Snorg
 14656 | D:10     | Killed Snorg
 14657 | D:10     | Reached skill level 12 in Fire Magic
 14704 | D:10     | Learned a level 3 spell: Dazzling Flash
 14708 | D:10     | Learned a level 3 spell: Gell's Gravitas
 14781 | D:10     | Found Immiel's Weapon Emporium.
 14781 | D:10     | Found a staircase to the Orcish Mines.
 14782 | D:10     | Found Luthrax's Armour Emporium.
 14842 | D:10     | Killed a death yak
 14843 | D:10     | Reached skill level 1 in Armour
 14843 | D:10     | Reached skill level 5 in Dodging
 14846 | D:10     | Killed a death yak
 15162 | D:11     | Offered knowledge of Sticky Flame by Vehumet.
 15280 | D:11     | Noticed Psyche
 15287 | D:11     | Killed Psyche
 15542 | D:11     | Reached **** piety under Vehumet
 15780 | D:11     | You fall into a shaft and drop 1 floor!
 15857 | D:12     | Reached XP level 12. HP: 91/91 MP: 22/22
 16152 | D:12     | Offered knowledge of Fireball by Vehumet.
 16728 | D:11     | Reached skill level 5 in Conjurations
 17098 | D:12     | Identified the +0 leather armour of Disguise {Rampage rElec
                  | Will- Str-4}
 17195 | D:12     | Noticed a two-headed ogre
 17207 | D:12     | Killed a two-headed ogre
 17668 | D:12     | Noticed Sonja
 17679 | D:12     | Killed Sonja
 18597 | D:12     | Learned a level 5 spell: Fireball
 18876 | D:13     | Reached skill level 5 in Armour
 19035 | D:13     | Found a gate leading to a gauntlet.
 19041 | Gauntlet | Entered a Gauntlet
 19041 | Gauntlet | Found a transporter.
 19042 | Gauntlet | Found a runed translucent door.
 19044 | Gauntlet | Found a transporter.
 19046 | Gauntlet | Found a runed translucent door.
 19055 | Gauntlet | Noticed a reaper
 19057 | Gauntlet | Found a transporter.
 19061 | Gauntlet | Found a transporter.
 19067 | Gauntlet | Noticed an entropy weaver
 19078 | Gauntlet | Found a transporter.
 19091 | Gauntlet | Found a transporter.
 19100 | Gauntlet | Noticed a death yak
 19101 | Gauntlet | Noticed a death yak
 19101 | Gauntlet | Noticed a death yak
 19102 | Gauntlet | Noticed a death yak
 19105 | Gauntlet | Found a transporter.
 19109 | Gauntlet | Found a transporter.
 19112 | Gauntlet | Found a transporter.
 19112 | Gauntlet | Found a transporter.
 19112 | Gauntlet | Noticed a death scarab
 19113 | Gauntlet | Noticed a death scarab
 19118 | Gauntlet | Found a transporter.
 19140 | Gauntlet | Found a transporter.
 19202 | Gauntlet | Identified the ring "Tetreomy" {rC+ Int+3 Dex-2 SInv
                  | Stlth+}
 19509 | Gauntlet | Identified a scroll of acquirement
 19509 | Gauntlet | Acquired the staff of fire "Kaklom" {rElec rF+ rC+}
 19576 | Gauntlet | Identified the +1 pair of boots "Akliria" {rC+ Str+2}
 19618 | Gauntlet | Identified the +8 executioner's axe "Cuin" {flame, rElec
                  | rCorr}
 19618 | Gauntlet | Identified the ring of Helulej {Drain rC++ MP+9 Str+9
                  | Stlth-}
 19618 | Gauntlet | Noticed a minotaur
 19639 | Gauntlet | Killed a minotaur
 20337 | D:13     | Noticed a tengu warrior
 20345 | D:13     | Killed a tengu warrior
 20522 | D:13     | Noticed a six-headed hydra
 20529 | D:13     | Killed a six-headed hydra
 20530 | D:13     | Reached XP level 13. HP: 80/96 MP: 20/20
 20628 | D:13     | Found a huge runed translucent gate.
 20629 | D:13     | Found a huge runed translucent gate.
 20629 | D:13     | Found a huge runed translucent gate.
 20629 | D:13     | Found a huge runed translucent gate.
 20931 | D:13     | Reached ***** piety under Vehumet
 20953 | D:13     | Offered knowledge of Iskenderun's Mystic Blast by Vehumet.
 21740 | Lair:1   | Entered Level 1 of the Lair of Beasts
 22629 | Lair:1   | Noticed Gastronok
 22650 | Lair:1   | Killed Gastronok
 22796 | Lair:1   | Noticed Maggie
 22824 | Lair:1   | Killed Maggie
 24579 | Lair:2   | Found a staircase to the Shoals.
 24604 | Lair:2   | Found a hole to the Spider Nest.
 24909 | Spider:1 | Entered Level 1 of the Spider Nest
 24951 | Spider:1 | HP: 3/99 [demonic crawler (14)]
 24955 | Spider:1 | Slain by a demonic crawler

Illustrated notes

Levels and vault maps discovered:
D:1:      dpeg_arrival_windows_large_door, layout_basic
D:2:      layout_loops_ring
D:3:      layout_basic, mainiacjoe_overflow_24_doors, gammafunk_ghost_split
D:4:      layout_loops_ring, minmay_temple_entry_butterflies, uniq_natasha
D:5:      layout_loops_ring, serial_shops, nicolae_shop_behind_doors,
          gammafunk_ghost_stat_death, fountainhead
D:6:      layout_basic, eino_tiny_chamber, sigmund_army, uniq_prince_ribbit1
D:7:      layout_basic, kennysheep_doodads
D:8:      layout_gridville, serial_co_window_serial, co_window_corner_a,
          co_window_corner_a, co_window_corner_a, co_window_paths_a,
          co_window_corner_a, co_window_paths_a, co_window_corner_a,
          co_window_corner_a, co_window_paths_b, co_window_corner_b,
          co_window_broadway_c, co_window_broadway_a,
          co_window_of_opportunity_c, co_window_broadway_a,
          co_window_of_opportunity_b, co_window_of_opportunity_c,
          glass_columns_b, dk_rats_in_the_wall
D:9:      layout_rooms, minmay_overflow_temple_hex,
          hangedman_abyss_or_decor_clamps, uniq_erolcha, uniq_grum
D:10:     layout_cave_pools, kiku_gazebo_pond_becter, dpeg_lair_monsters,
          orc_david_3, uniq_snorg
D:11:     layout_stronghold, uniq_psyche
D:12:     layout_long_grid, hangedman_weighted_door, zin_scriptorium, uniq_sonja
D:13:     lemuel_bear_cage, layout_loops_ring, gauntlet_entry_generic
Temple:   eino_temple_water
Lair:1:   minmay_lair_venomous_thicket, layout_loops_ring, grunt_megastairs_2,
          uniq_gastronok, uniq_maggie
Lair:2:   layout_chaotic_city, shoals_dummy_entry,
          nicolae_spider_entry_non_spiders, nicolae_quartered_pool_super,
          minivault_23, grunt_megastairs_3
Spider:1: layout_spider_delve, uniq_nikola

Skill      XL: |  1  2  3  4  5  6  7  8  9 10 11 12 13 |
---------------+----------------------------------------+-----
Fire Magic     | 3 4 5 6 8 10 12 | 12.0
Dodging        | 2 3 4 6 8 9 |  9.8
Conjurations   | 2 4 8 9 |  9.9
Polearms       | 1 2 3 4 5 |  5.0
Spellcasting   | 3 4 6 8 |  8.5
Fighting       | 1 4 6 7 8 |  8.5
Translocations | 1 3 |  3.0
Hexes          | 1 |  1.6
Armour         | 3 5 6 |  6.5
Stealth        | |  1.7

Action                     |  1- 3 |  4- 6 |  7- 9 | 10-12 | 13-15 || total
---------------------------+-------+-------+-------+-------+-------++-------
  Melee: Spear             |    14 |    27 |    34 |    21 |    35 ||   131
         Headbutt          |       |       |       |     2 |    10 ||    12
   Cast: Foxfire           |    38 |    58 |    88 |   138 |    88 ||   410
         Scorch            |     1 |    13 |    95 |   224 |   136 ||   469
         Volatile Blastmot |       |       |     6 |   105 |    23 ||   134
         Flame Wave        |       |       |     3 |    12 |     5 ||    20
         Inner Flame       |       |       |     1 |     3 |       ||     4
         Gell's Gravitas   |       |       |       |     5 |     9 ||    14
         Dazzling Flash    |       |       |       |     2 |     1 ||     3
         Fireball          |       |       |       |     6 |       ||     6
  Evoke: Wand              |       |       |     2 |     5 |     1 ||     8
    Use: Scroll            |       |     5 |     4 |    16 |     3 ||    28
         Potion            |       |       |     6 |     2 |     6 ||    14
   Stab: Sleeping          |     1 |     1 |     2 |       |       ||     4
 Armour: Robe              |     6 |     5 |    15 |       |       ||    26
         Steam dragon scal |       |       |     4 |    73 |    50 ||   127
  Dodge: Dodged            |    23 |    20 |    81 |   203 |   177 ||   504
